 Dungeon Crawl Stone Soup version 0.31.0-7-gf635a9b802 (webtiles) character file.

Game seed: 504700802186955889

114 jt the Ruffian (level 4, -1/40 HPs)
             Began as a Naga Shapeshifter on Jan 23, 2024.
             Splashed by a jelly's acid (6 damage)
             ... on level 2 of the Dungeon.
             The game lasted 00:06:29 (1775 turns).

jt the Ruffian (Naga Shapeshifter)                  Turns: 1775, Time: 00:06:31

Health: -1/40      AC: -1    Str: 19    XL:     4   Next: 98%
Magic:  4/4        EV:  9    Int: 10    God:
Gold:   95         SH:  0    Dex: 10    Spells: 1/3 levels left

rFire   . .          .
                       - Unarmed
rCold   . . .        (no shield)
rNeg    . . .        q - +0 leather armour
rPois   +            (helmet currently unavailable)
rElec   .            (cloak currently unavailable)
rCorr   .            (gloves currently unavailable)
SInv    +            (no barding)
Will    .....        (no amulet)
Stlth   +            (no ring)
HPRegen 0.26/turn    (no ring)
MPRegen 0.09/turn

%: no passive effects
@: beast-form, corroded, very slow
A: beast (slay +1), AC +1, large, see invisible, deformed body, poison
resistance, slowness 2, spit poison 1, naga tail 1
a: Spit Poison, Begin Untransformation


You were on level 2 of the Dungeon.
You were a hulking beast.
You visited 1 branch of the dungeon, and saw 2 of its levels.

You collected 95 gold pieces.

Inventory:

Hand Weapons
 e - a +0 whip of venom
 h - a +0 dagger
 i - a +0 war axe
 n - a +0 short sword of flaming
Missiles
 j - 20 stones
Armour
 a - a +0 animal skin
 b - a +0 chain mail
 f - a +0 pair of gloves
 q - a +0 leather armour (worn)
Talismans
 c - a beast talisman
 d - a flux talisman
Scrolls
 g - a scroll of enchant weapon {unknown}
 m - a scroll of enchant armour
 p - a scroll of revelation
Potions
 l - 2 potions of curing
 o - a potion of heal wounds


   Skills:
 + Level 2.8 Fighting
 - Level 2.5 Dodging
 + Level 4.0 Unarmed Combat
 - Level 3.0 Shapeshifting


You had one spell level left.
You knew the following spells:

 Your Spells              Type           Power      Damage    Failure   Level
a - Call Imp              Summ           0%         N/A       56%         2

Your spell library contained the following spells:

 Spells                   Type           Power      Damage    Failure   Level
 Necrotise                Necr           0%         1d4       41%         1
 Sublimation of Blood     Necr           0%         N/A       56%         2
 Vampiric Draining        Necr           0%         2d6       80%         3
 Martyr's Knell           Necr/Summ      0%         N/A       99%         4
 Curse of Agony           Necr           0%         N/A       100%        5
 Summon Hydra             Summ           0%         N/A       100%        7


Dungeon Overview and Level Annotations

Branches:
Dungeon (2/15)

Altars:
Dithmenos
Fedhas
Makhleb
Qazlal
Ru
Uskayaw


Innate Abilities, Weirdness & Mutations

You are a hulking beast.
Your limbs bulge with bestial killing power. (Slay +1)
Your serpentine skin is tough. (AC +1)
You have supernaturally acute eyesight. (SInv)
Armour fits poorly on your strangely shaped body.
Your system is resistant to poisons. (rPois)
You cover ground very slowly.
You can spit poison.
You have a snake-like lower body.


Message History

You punch the endoplasm!
You kill the endoplasm!
Your Unarmed Combat skill increases to level 4!
No target in view!
No target in view!
An endoplasm comes into view.
The endoplasm quivers.
You hit the endoplasm.
You kill the endoplasm!
No target in view!
No target in view!
A frilled lizard comes into view.
The splash of poison misses the frilled lizard.
The frilled lizard bites you.
You barely miss the frilled lizard.
The frilled lizard bites you but does no damage.
You miss the frilled lizard. The frilled lizard bites you.
You hit the frilled lizard.
You kill the frilled lizard!
You have got your breath back.
A jelly is nearby!
Okay, then.
Okay, then.
Okay, then.
The jelly quivers.
You punch the jelly!
Your hands burn!
The jelly is moderately wounded.
The jelly hits you.
You are splashed with acid!
You punch the jelly! The acid corrodes you!
Your hands burn!
You punch the jelly, but do no damage.
The jelly is almost dead.
The jelly hits you.
You are splashed with acid!
* * * LOW HITPOINT WARNING * * *
You hit the jelly but do no damage.
Your hands burn!
* * * LOW HITPOINT WARNING * * *
The jelly is almost dead.
The jelly hits you.
* * * LOW HITPOINT WARNING * * *
You are splashed with acid.
You die...

........#.#......##..........###.
......#'#.#__P.÷_##..#.........##
#.....#.#)#......##.##........[.)
##....#.#.#.÷...÷##.##..........#
#######.##÷..÷.?##.#############
#################*#.<.### #
..###.####### #.#...# #
#...........#######.#...# ##
#####..........Jh.....### #.
#...........###..## ##.
#####................# ###..
...##..........#.....###### #....
##...............###......###....
##..#........>..## #.####..##....
.....>..........# #.# ##.......
.###.#####.###..# #.# ####.... ##
#...........## #.# #....


You could see a jelly.

Vanquished Creatures
  An iguana (D:2)
  3 gnolls (D:2)
  2 ribbon worms (D:2)
  8 endoplasms (D:2)
  5 goblins
  7 hobgoblins
  2 quokkas
  4 ball pythons
  5 bats
  2 frilled lizards (D:2)
  9 kobolds
  2 rats (D:2)
50 creatures vanquished.

Notes
Turn   | Place    | Note
-------+----------+-------------------------------------------
     0 | D:1      | jt the Naga Shapeshifter began the quest for the Orb.
     0 | D:1      | Reached XP level 1. HP: 18/18 MP: 1/1
   233 | D:1      | Reached XP level 2. HP: 17/25 MP: 2/2
   948 | D:2      | Reached XP level 3. HP: 32/32 MP: 3/3
  1012 | D:2      | Found a shadowy altar of Dithmenos.
  1012 | D:2      | Found a stormy altar of Qazlal.
  1012 | D:2      | Found a sacrificial altar of Ru.
  1012 | D:2      | Found a hide-covered altar of Uskayaw.
  1012 | D:2      | Found a burning altar of Makhleb.
  1012 | D:2      | Found a blossoming altar of Fedhas.
  1132 | D:2      | Reached XP level 4. HP: 36/39 MP: 4/4
  1141 | D:2      | Learned a level 2 spell: Call Imp
  1642 | D:2      | Reached skill level 4 in Unarmed Combat
  1775 | D:2      | Splashed by a jelly's acid

Illustrated notes

Levels and vault maps discovered:
D:1:      minmay_arrival_split_and_join, layout_basic
D:2:      cheibrodos_fertilizer, layout_rooms,
          hellmonk_ecumenical_altar_leap_of_faith,
          minmay_randomly_rotated_circles

Skill      XL: |  1  2  3  4 |
---------------+-------------+-----
Dodging        | 2 |  2.5
Fighting       | 2 |  2.8
Unarmed Combat | 4 |  4.0
Shapeshifting  | |  3.0

Action                     |  1- 3 |  4- 6 || total
---------------------------+-------+-------++-------
  Melee: Unarmed           |    45 |    58 ||   103
         Punch             |     2 |     2 ||     4
  Throw: Stone             |       |     2 ||     2
Ability: Spit Poison       |    23 |     9 ||    32
    Use: Scroll            |     3 |     3 ||     6
         Potion            |     1 |     1 ||     2
 Armour: Animal skin       |    24 |     9 ||    33
         Leather armour    |       |    15 ||    15
         Skin              |       |     3 ||     3
  Dodge: Dodged            |    15 |    22 ||    37
